AoeStats
← old f1sh

Arena

509874846Analyzed
1v1 RM · 3d ago on Sep 28, 2026· 42m 19s· 2 players
Game mode
Random Map
Map size
Tiny (2 player)
Population
200
Speed
Normal
Resources
Standard
Victory
Conquest
Starting age
Dark Age
Ending age
Imperial Age
RankedLock teamsTeams togetherTeam positionsShared explorationLock speedFull tech treeHidden civsTurbo modeCheats
Victory
Defeat
🇮🇹 Spanish · Italy
1687
+13
🇨🇳 Jurchens · China
1623
-13
old f1sh
11:09 Feudal Age
11:59 Double-Bit Axe
12:11 Horse Collar
14:50 Castle Age
15:46 Bow Saw
16:20 Fletching
18:13 Gold Mining
18:22 Loom
32:49 Imperial Age
33:31 Bodkin Arrow
Retentio
11:35 Feudal Age
13:01 Double-Bit Axe
15:31 Castle Age
13:37 Horse Collar
15:54 Loom
17:10 Gold Mining
22:06 Padded Archer Armor
26:49 Bloodlines
27:19 Husbandry
36:15 Masonry
37:45 Leather Archer Armor
38:47 Town Watch
39:40 Wheelbarrow
42:02 Stone Mining
42:16 Heavy Plow
42:27 Bow Saw
42:13 Light Cavalry
43:02 Scale Barding Armor
Connection lost

Rejoining the realm…

Still unreachable

The connection could not be restored.

Session expired

The server has moved on; the page needs a fresh start.